 Dungeon Crawl Stone Soup version 0.31.0-12-g77e489cdc1 (webtiles) character file.

Game seed: 3822199544094728969

125531 monsoonserge the Devastator (level 16, -6/132 HPs)
             Began as a Green Draconian Conjurer on Feb 16, 2024.
             Was a High Priest of Vehumet.
             Killed from afar by an ironbound frostheart (44 damage)
             ... by creeping frost
             ... in an ice cave.
             The game lasted 03:15:56 (38809 turns).

monsoonserge the Devastator (DrCj)                 Turns: 38809, Time: 03:15:57

Health: -6/132     AC: 10    Str: 11    XL:     16   Next: 41%
Magic:  33/41      EV: 20    Int: 24    God:    Vehumet [*****.]
Gold:   2002       SH:  8    Dex: 11    Spells: 7/39 levels left

rFire   + + .        F - +4 dagger (freeze)
rCold   . . .        S - +3 buckler "Zyathr Rigeash" {rElec Regen+ rCorr}
rNeg    + . .        (body armour unavailable)
rPois   +            (helmet restricted)
rElec   +            (no cloak)
rCorr   +            (no gloves)
SInv    +            v - +0 pair of boots
Will    +....        g - amulet of the acrobat
Stlth   +++          K - ring "Weuggima" {rPois rF+ rN+}
HPRegen 1.22/turn    r - ring of Caibauch {rPois rF+ MP+9 EV+5 SInv}
MPRegen 0.27/turn

%: acrobat
@: frozen, hasted, quick
A: breathe noxious fumes, AC +9, unfitting armour, stinger 1, poison resistance,
cold-blooded
a: Breathe Noxious Fumes, Renounce Religion


You were in an ice cave.
You worshipped Vehumet.
Vehumet was extremely pleased with you.
You visited 5 branches of the dungeon, and saw 25 of its levels.
You visited the Abyss 1 time.
You also visited: Ossuary and Ice Cave.

You collected 2533 gold pieces.
You spent 531 gold pieces at shops.

Inventory:

Hand Weapons
 F - a +4 dagger of freezing (weapon)
Missiles
 n - 48 poisoned darts (quivered)
 H - 5 curare-tipped darts
 O - 6 javelins
Armour
 v - a +0 pair of boots (worn)
 S - the +3 buckler "Zyathr Rigeash" (worn) {rElec Regen+ rCorr}
   (You bought it in a shop on level 2 of the Orcish Mines)

   rElec:     It insulates you from electricity.
   Regen+:    It increases your rate of health regeneration.
   rCorr:     It protects you from acid and corrosion.
Magical Staves
 y - a staff of alchemy
 V - a staff of fire
Jewellery
 g - an amulet of the acrobat (around neck)
 k - a ring of fire
 l - an amulet of regeneration
 r - the ring of Caibauch (right hand) {rPois rF+ MP+9 EV+5 SInv}
   (You took it off a deep elf pyromancer on level 1 of the Elven Halls)

   [ring of evasion]

   EV+5:      It affects your evasion (+5).
   rF+:       It protects you from fire.
   rPois:     It protects you from poison MP+9: It affects your magic capacity
   (+9).
   SInv:      It lets you see invisible.
 K - the ring "Weuggima" (left hand) {rPois rF+ rN+}
   (You found it on level 5 of the Lair of Beasts)

   [ring of positive energy]

   rF+:       It protects you from fire.
   rPois:     It protects you from poison rN+: It protects you from negative
   energy.
Wands
 z - a wand of digging (21)
 A - a wand of polymorph (36)
 G - a wand of iceblast (26)
 J - a wand of quicksilver (13)
 L - a wand of paralysis (2)
 U - a wand of mindburst (11)
Scrolls
 d - 5 scrolls of vulnerability
 e - 3 scrolls of silence
 i - 4 scrolls of revelation {unknown}
 s - 9 scrolls of enchant armour
 t - 5 scrolls of amnesia
 w - 4 scrolls of enchant weapon
 x - 6 scrolls of fog
 D - a scroll of brand weapon {unknown}
 E - 5 scrolls of poison
 I - 6 scrolls of teleportation
 P - a scroll of torment
 R - 2 scrolls of immolation {unknown}
 W - 3 scrolls of summoning
 X - a scroll of fear {unknown}
 Z - a scroll of acquirement
Potions
 a - 3 potions of magic
 c - 3 potions of enlightenment
 f - 2 potions of haste
 h - 2 potions of mutation
 j - a potion of cancellation {unknown}
 m - 8 potions of curing
 p - 5 potions of brilliance
 q - a potion of invisibility
 u - 2 potions of berserk rage
 C - a potion of heal wounds
 N - a potion of resistance {unknown}
 T - 4 potions of lignification
 Y - 3 potions of might
Miscellaneous
 b - a box of beasts
 B - a lightning rod (4/4)
 M - a tin of tremorstones (1/2)
 Q - a phantom mirror


   Skills:
 + Level 9.3 Fighting
 + Level 7.3 Short Blades
 + Level 2.4 Throwing
 + Level 11.2 Dodging
 + Level 6.7 Stealth
 + Level 6.6 Shields
 - Level 12.0 Spellcasting
 + Level 16.0 Conjurations
 + Level 2.3 Hexes
 + Level 7.8 Fire Magic
 + Level 8.3 Alchemy
 + Level 7.1 Evocations


You had 7 spell levels left.
You knew the following spells:

 Your Spells              Type           Power      Damage    Failure   Level
a - Magic Dart            Conj           100%       1d8       0%          1
b - Searing Ray           Conj           100%       2d8       0%          2
c - Fulminant Prism       Conj/Alch      32%        3d16      1%          4
d - Ignite Poison         Fire/Alch      52%        N/A       1%          4
e - Inner Flame           Hex/Fire       38%        N/A       1%          3
f - Starburst             Conj/Fire      32%        6d10      1%          6
g - Orb of Destruction    Conj           37%        9d11      1%          7
h - Yara's Violent Unrav  Hex/Alch       19%        3d9       5%          5

Your spell library contained the following spells:

 Spells                   Type           Power      Damage    Failure   Level
 Bombard                  Conj/Erth      26%        9d5       9%          6
 Dazzling Flash           Conj/Hex       100%       N/A       1%          3
 Volatile Blastmotes      Fire/Tloc      66%        2d15      1%          3
 Iskenderun's Mystic Bla  Conj/Tloc      52%        2d11      1%          4
 Sticky Flame             Fire/Alch      52%        2d9       1%          4
 Jinxbite                 Hex            50%        N/A       3%          2
 Tukima's Dance           Hex            25%        N/A       6%          3
 Summon Blazeheart Golem  Fire/Summ      33%        N/A       12%         4
 Ozocubu's Armour         Ice            14%        N/A       17%         3
 Lee's Rapid Deconstruct  Erth           7%         3d6*      36%         5
 Spellforged Servitor     Conj/Summ      26%        N/A       41%         7
 Animate Dead             Necr           14%        N/A       50%         4
 Metabolic Englaciation   Hex/Ice        10%        N/A       67%         5
 Sculpt Simulacrum        Ice/Alch       17%        N/A       85%         6
 Enfeeble                 Hex            12%        N/A       100%        7
 Haunt                    Necr/Summ      7%         N/A       100%        7
 Infestation              Necr           7%         N/A       100%        8
 Maxwell's Capacitive Co  Air            7%         ∞         100%        8
 Chain Lightning          Conj/Air       26%        3d34      100%        9
 Fire Storm               Conj/Fire      32%        8d8       100%        9
 Shatter                  Erth           7%         3d9*      100%        9


Dungeon Overview and Level Annotations

Branches:
Dungeon (15/15)            Temple (1/1) D:5            Lair (5/5) D:10
  Swamp (0/4) Lair:3       Spider (0/4) Lair:2        Slime (0/5) Lair:5
    Orc (2/2) D:11            Elf (2/3) Orc:2        Vaults (0/5) D:14
 Depths (0/4) D:15        Ossuary (visited)           IceCv (1/1)

Altars:
Ashenzari
Cheibriados
Dithmenos
Elyvilon
Fedhas
Gozag
Hepliaklqana
Kikubaaqudgha
Makhleb
Nemelex Xobeh
Okawaru
Qazlal
Ru
Sif Muna
Trog
Uskayaw
Vehumet
Wu Jian
Xom
Yredelemnul
Zin
The Shining One

Shops:
D:5 **   D:9 *   Orc:1 =   Orc:2 !?[=


Innate Abilities, Weirdness & Mutations

You can breathe blasts of noxious fumes.
Your lurid green scales are hard. (AC +9)
You cannot fit into any form of body armour.
Your tail ends in a venomous barb.
Your system is resistant to poisons. (rPois)
You are cold-blooded and may be slowed by cold attacks.


Message History

The white ugly thing closely misses you.
You block the polar bear's attack. The polar bear completely misses you.
The polar bear claws you.
Casting: Starburst (dangerous; 1% risk of failure)
Confirm with . or Enter, or press ? or * to list all spells.
Casting: Starburst (dangerous; 1% risk of failure)
Press: ? - help, Dir - look around, f - activate The bolt of fire hits the polar bear!!
You kill the polar bear!
Vehumet accepts your kill.
You feel your power returning.
The bolt of fire hits the white ugly thing!!
You kill the white ugly thing!
Vehumet accepts your kill.
You feel your power returning.
The bolt of fire hits the rime drake!!
The rime drake is almost dead.
The bolt of fire hits the polar bear!!
You kill the polar bear!
Vehumet accepts your kill.
An ironbound frostheart comes into view.
The ice encasing you melts away. The rime drake breathes ice at you.
The icy flash freeze misses you. The rime drake breathes ice at you.
The icy flash freeze misses you.
The ironbound frostheart calls freezing cold from the walls.
The frost grips you!!
You are encased in ice.
The ice dragon breathes frost at you. The blast of cold hits you!!!
* * * LOW HITPOINT WARNING * * *
Okay, then.
Okay, then.
Blink to where?
Press: ? - help, Dir - move target
As you read the scroll of blinking, it crumbles to dust.
You feel yourself speed up.
The ironbound frostheart calls freezing cold from the walls.
The frost grips you!!!
You die...

#.......#
#...∩...#
##.....##
##...##
#...##
##...#
##...#
##...##
#.@.## #.k##
##..## ##.D#
#†k# #..p.
.......
.......p.
........#...


You could see an ice dragon (catching breath), 2 ironbound frosthearts and 2
rime drakes.

Vanquished Creatures
  Rupert (Orc:2)
  Jorgrun (Elf:1)
  An azure jelly (Elf:2)
  A deep elf sorcerer (Elf:1)
  Louise (Elf:2)
  A deep elf annihilator (Elf:2)
  2 dire elephants (Lair:5)
  Snorg (Lair:4)
  A deep elf high priest (Elf:1)
  4 hydras
  3 ogre magi (Orc:2)
  A centaur warrior (D:14)
  Erica (D:9)
  3 boulder beetles
  3 dancing weapons
  11 death yaks
  2 tengu warriors
  8 two-headed ogres
  Urug (D:11)
  A spectral dire elephant (Lair:5)
  An orc high priest (Elf:2)
  Sonja (D:10)
  Nergalle (Orc:2)
  6 deep elf knights
  Amaemon (Lair:2)
  A storm dragon zombie (D:15)
  A spectral death yak (Lair:5)
  10 skeletal warriors
  A spectral anaconda (Lair:5)
  A flayed ghost (D:15)
  2 deep elf archers (Elf:1)
  2 lindwurms
  An obsidian statue (Lair:5)
  4 necromancers
  2 orc knights
  17 deep elf pyromancers
  16 ugly things
  8 deep elf zephyrmancers
  7 orc sorcerers (Orc:2)
  3 cyclopes
  3 manticores
  18 elephants
  4 kobold blastminers
  A black mamba (Lair:3)
  A gargoyle (D:13)
  5 torpor snails
  An unseen horror (D:12)
  8 cane toads
  An orange demon (Lair:2)
  A dire elephant skeleton (Lair:5)
  17 komodo dragons
  2 efreet
  A yaktaur (D:15)
  2 rime drakes
  A freezing wraith (Elf:2)
  A tengu conjurer (D:14)
  4 trolls
  7 polar bears
  A queen bee (shapeshifter) (D:15)
  A hornet (D:8)
  22 blink frogs
  A tyrant leech (Lair:3)
  10 dream sheep
  A spectral elephant (Lair:5)
  9 slime creatures (D:12)
  A spriggan zombie (D:15)
  5 air elementals
  3 water elementals (Elf:2)
  A vampire (D:9)
  4 wraiths
  A dire elephant simulacrum (Lair:5)
  34 yaks
  2 wyverns (D:10)
  4 basilisks
  Grum (D:11)
  2 shadows (D:13)
  8 fire elementals (Elf:2)
  10 vampire mosquitoes
  Menkaure (D:7)
  4 redbacks
  A death yak simulacrum (Lair:5)
  A swamp worm (Lair:3)
  A spectral cane toad (Lair:5)
  2 acid dragons
  16 water moccasins
  7 black bears
  Pargi (D:3)
  2 sky beasts
  3 elephant zombies (Lair:5)
  4 ice beasts
  20 orc warriors
  A laughing skull (D:10)
  2 centaurs (D:12)
  An elephant skeleton (Lair:5)
  11 ogres
  A phantom (D:6)
  11 wolves
  A weeping skull (Ossuary)
  14 bullfrogs
  7 earth elementals
  3 scorpions
  4 kobold brigands
  3 water moccasin zombies (Ossuary)
  3 cane toad simulacra (Lair:5)
  11 wights
  12 killer bees
  6 howler monkeys
  5 jellies
  2 electric eels
  3 bombardier beetles
  12 orc priests
  2 gnoll boudas
  6 hounds
  36 orc wizards
  A sleepcap (D:5)
  4 iguanas
  2 crocodile zombies (Ossuary)
  2 mummies (Ossuary)
  18 adders
  8 gnolls
  3 white imps
  6 ufetubi
  5 adder zombies (Ossuary)
  2 dart slugs
  3 ribbon worms (D:2)
  81 orcs
  9 endoplasms
  7 giant cockroaches
  7 goblins
  10 hobgoblins
  11 jackals
  4 quokkas
  8 ball pythons
  3 bats
  5 frilled lizards
  8 gnoll zombies (Ossuary)
  5 jackal zombies (Ossuary)
  46 kobolds
  3 orc zombies (Ossuary)
  4 rats
  A fulminant prism (D:11)
819 creatures vanquished.

Vanquished Creatures (collateral kills)
  A boulder beetle (D:14)
  A skeletal warrior (D:14)
2 creatures vanquished.

Vanquished Creatures (others)
  2 air elementals (Elf:2)
  55 fulminant prisms
57 creatures vanquished.

Grand Total: 878 creatures vanquished

Notes
Turn   | Place    | Note
-------+----------+-------------------------------------------
     0 | D:1      | monsoonserge the Draconian Conjurer began the quest for the
                  | Orb.
     0 | D:1      | Reached XP level 1. HP: 14/14 MP: 3/3
   147 | D:1      | Reached XP level 2. HP: 20/20 MP: 5/5
   150 | D:1      | Learned a level 2 spell: Searing Ray
   304 | D:1      | Found a faded altar of an unknown god.
   560 | D:1      | Reached XP level 3. HP: 26/26 MP: 3/6
  1403 | D:2      | Reached XP level 4. HP: 31/33 MP: 4/7
  1467 | D:2      | Reached skill level 5 in Conjurations
  1623 | D:2      | Reached skill level 1 in Short Blades
  2105 | D:3      | Reached XP level 5. HP: 39/39 MP: 4/8
  2375 | D:3      | Found a white marble altar of Elyvilon.
  2385 | D:3      | Noticed Pargi
  2400 | D:3      | Killed Pargi
  2401 | D:3      | Reached skill level 1 in Fighting
  3020 | D:4      | Reached XP level 6. HP: 47/47 MP: 6/10
  3462 | D:4      | Reached skill level 6 in Conjurations
  3792 | D:5      | Entered Level 5 of the Dungeon
  3817 | D:5      | Your scales start taking on a lurid green colour.
  3817 | D:5      | Reached XP level 7. HP: 55/55 MP: 3/11
  3817 | D:5      | Gained mutation: Your system is resistant to poisons.
                  | (rPois) [Green Draconian growth]
  3822 | D:5      | Learned a level 4 spell: Fulminant Prism
  3896 | D:5      | Found a sand-covered staircase.
  3905 | Ossuary  | Entered an ossuary
  3956 | Ossuary  | Reached skill level 1 in Alchemy
  4609 | D:5      | Found Riomyu's Assorted Antiques.
  4616 | D:5      | Bought a murky emerald potion for 29 gold pieces
  4634 | D:5      | Reached XP level 8. HP: 62/62 MP: 7/12
  4838 | D:5      | Found a staircase to the Ecumenical Temple.
  4843 | Temple   | Entered the Ecumenical Temple
  4854 | Temple   | Became a worshipper of Vehumet
  4934 | D:5      | Found a broken altar of Ashenzari.
  5029 | D:5      | Reached skill level 7 in Conjurations
  5053 | D:5      | HP: 1/62 [gnoll/+0 spear[a gnoll bouda] (8)]
  5457 | D:5      | Found a glowing golden altar of the Shining One.
  5526 | D:5      | Found Royjih's Assorted Antiques.
  5536 | D:5      | Bought a cyan potion for 21 gold pieces
  5536 | D:5      | Bought 3 scrolls labelled SUAMU QAYSM for 72 gold pieces
  5536 | D:5      | Bought a jewelled lead wand for 96 gold pieces
  5855 | D:6      | Reached * piety under Vehumet
  5855 | D:6      | Offered knowledge of Shock by Vehumet.
  6010 | D:5      | Reached skill level 5 in Dodging
  6383 | D:6      | Reached XP level 9. HP: 70/70 MP: 9/13
  6533 | D:6      | Reached skill level 8 in Conjurations
  6620 | D:6      | Reached skill level 1 in Evocations
  6982 | D:7      | Reached skill level 5 in Short Blades
  7015 | D:7      | Offered knowledge of Momentum Strike by Vehumet.
  7160 | D:7      | Reached ** piety under Vehumet
  7161 | D:7      | Noticed Menkaure
  7187 | D:7      | Killed Menkaure
  7188 | D:7      | Reached skill level 5 in Alchemy
  7807 | D:7      | Offered knowledge of Stone Arrow by Vehumet.
  8107 | D:7      | Got the Elucidation of the Lithic Summer
  8192 | D:7      | Learned a level 4 spell: Ignite Poison
  8707 | D:8      | Reached skill level 9 in Conjurations
  8712 | D:8      | Reached *** piety under Vehumet
  8980 | D:8      | Reached XP level 10. HP: 40/80 MP: 4/15
  9303 | D:8      | Reached skill level 1 in Fire Magic
  9570 | D:8      | Offered knowledge of Inner Flame by Vehumet.
  9583 | D:8      | Learned a level 3 spell: Inner Flame
  9978 | D:8      | Reached skill level 5 in Fighting
 10095 | D:9      | Reached skill level 1 in Hexes
 10224 | D:9      | Noticed Erica
 10235 | D:9      | Killed Erica
 10637 | D:9      | Found Ytwod's Serpentskin Sales.
 10790 | D:10     | Entered Level 10 of the Dungeon
 10818 | D:10     | Reached **** piety under Vehumet
 10938 | D:10     | Noticed a manticore
 10952 | D:10     | Killed a manticore
 11083 | D:10     | Found a burning altar of Makhleb.
 11104 | D:10     | Identified the +2 leather armour "Xaiphoes" {Rampage rN+
                  | Int+3 Dex-2}
 11169 | D:10     | Found a sparkling altar of Nemelex Xobeh.
 11288 | D:10     | Offered knowledge of Arcjolt by Vehumet.
 11431 | D:10     | Reached skill level 10 in Conjurations
 11484 | D:10     | Found a staircase to the Lair.
 11503 | D:10     | Reached XP level 11. HP: 89/89 MP: 12/17
 11575 | D:10     | Found an ancient bone altar of Kikubaaqudgha.
 11656 | D:10     | Noticed Sonja
 11664 | D:10     | Killed Sonja
 12105 | D:10     | Noticed a two-headed ogre
 12115 | D:10     | Killed a two-headed ogre
 12283 | D:11     | Noticed Grum
 12287 | D:11     | Noticed a boulder beetle
 12290 | D:11     | Killed Grum
 12628 | D:11     | Killed a boulder beetle
 12629 | D:11     | Reached skill level 5 in Spellcasting
 12876 | D:11     | Noticed an orc knight
 12886 | D:11     | Reached skill level 1 in Throwing
 12895 | D:11     | Killed an orc knight
 13178 | D:11     | Noticed a two-headed ogre
 13188 | D:11     | Killed a two-headed ogre
 13373 | D:11     | Noticed a two-headed ogre
 13383 | D:11     | Killed a two-headed ogre
 13384 | D:11     | Reached skill level 5 in Evocations
 13587 | D:11     | Noticed Urug
 13607 | D:11     | Killed Urug
 13794 | D:11     | Found a staircase to the Orcish Mines.
 14067 | D:11     | Got the Tractate on Charms
 14072 | D:11     | Noticed a two-headed ogre
 14083 | D:11     | Killed a two-headed ogre
 14310 | Lair:1   | Entered Level 1 of the Lair of Beasts
 14312 | Lair:1   | Noticed a death yak
 14317 | Lair:1   | Noticed a death yak
 14317 | Lair:1   | Noticed a death yak
 14317 | Lair:1   | Noticed a death yak
 14328 | Lair:1   | Reached ***** piety under Vehumet
 14331 | Lair:1   | Killed a death yak
 14332 | Lair:1   | Reached XP level 12. HP: 71/100 MP: 13/19
 14332 | Lair:1   | Killed a death yak
 14344 | D:10     | Killed a death yak
 14345 | D:10     | Reached skill level 11 in Conjurations
 14492 | D:10     | Killed a death yak
 14492 | D:10     | Offered knowledge of Brom's Barrelling Boulder by Vehumet.
 15575 | Lair:1   | Reached skill level 5 in Stealth
 15986 | Lair:1   | Learned a level 6 spell: Starburst
 15992 | Lair:2   | Found a hole to the Spider Nest.
 16109 | Lair:2   | HP: 5/101 [poisoned by a redback]
 16404 | Lair:2   | Reached skill level 5 in Fire Magic
 16944 | Lair:2   | Noticed Amaemon
 17034 | Lair:2   | Killed Amaemon
 17804 | Lair:2   | Found a snail-covered altar of Cheibriados.
 17821 | Lair:2   | Reached skill level 12 in Conjurations
 17913 | Lair:2   | Reached XP level 13. HP: 82/107 MP: 9/22
 18006 | Lair:2   | You fall into a shaft and drop 1 floor!
 18033 | Lair:3   | Found a staircase to the Swamp.
 19178 | Lair:3   | HP: 3/108 [komodo dragon (22)]
 20723 | Lair:3   | Reached skill level 1 in Shields
 21202 | Lair:3   | Learned a level 7 spell: Orb of Destruction
 21497 | Lair:4   | Offered knowledge of Ozocubu's Refrigeration by Vehumet.
 21827 | Lair:4   | Reached skill level 10 in Dodging
 22106 | Lair:4   | Reached skill level 13 in Conjurations
 22398 | Lair:4   | Noticed Snorg
 22634 | Lair:4   | Killed Snorg
 22635 | Lair:4   | Gained mutation: Your tail ends in a venomous barb. [Green
                  | Draconian growth]
 22635 | Lair:4   | Reached XP level 14. HP: 116/116 MP: 5/26
 23301 | Lair:5   | Entered Level 5 of the Lair of Beasts
 24757 | Lair:5   | Identified a scroll of acquirement
 25497 | Lair:5   | Found a staircase to the Slime Pits.
 25623 | Lair:5   | Reached skill level 14 in Conjurations
 26932 | Lair:5   | Identified the ring "Weuggima" {rPois rF+ rN+}
 27548 | D:12     | Offered knowledge of Freezing Cloud by Vehumet.
 27550 | D:12     | Reached skill level 5 in Shields
 27845 | D:12     | Found a radiant altar of Vehumet.
 28149 | D:12     | Learned a level 5 spell: Yara's Violent Unravelling
 28857 | D:13     | Found a glowing silver altar of Zin.
 29326 | D:13     | Identified the serpent talisman of the Sailor {rC+ Will+
                  | MP-9 Int+2}
 29921 | D:14     | Reached skill level 10 in Spellcasting
 29925 | D:14     | Reached XP level 15. HP: 76/123 MP: 11/29
 30097 | D:14     | Found a gate to the Vaults.
 30590 | D:14     | Found a sparkling altar of Nemelex Xobeh.
 30677 | D:15     | Entered Level 15 of the Dungeon
 31930 | D:15     | Identified the +0 helmet of the Other World {*Slow rElec
                  | Str+3 Int+2}
 32214 | D:15     | Found an ornate altar of the Wu Jian Council.
 32536 | D:15     | Found a staircase to the Depths.
 33370 | Orc:1    | Entered Level 1 of the Orcish Mines
 33641 | Orc:1    | Found Wusyxkar's Jewellery Shop.
 34225 | Orc:2    | Entered Level 2 of the Orcish Mines
 34557 | Orc:2    | Found a staircase to the Elven Halls.
 34565 | Orc:2    | Reached skill level 15 in Conjurations
 34860 | Orc:2    | Noticed Rupert
 34878 | Orc:2    | Killed Rupert
 35446 | Orc:2    | Offered knowledge of Bombard by Vehumet.
 35701 | Orc:2    | Found Sammoc's Jewellery Emporium.
 35723 | Orc:2    | Found a radiant altar of Vehumet.
 35737 | Orc:2    | Found Waepisoi's Antique Armour Emporium.
 35757 | Orc:2    | Noticed Nergalle
 35772 | Orc:2    | Killed Nergalle
 35917 | Orc:2    | Found Iqidash's Magic Scroll Shoppe.
 36060 | Orc:2    | Found an ancient bone altar of Kikubaaqudgha.
 36110 | Orc:2    | Bought a faintly glowing buckler for 313 gold pieces
 36110 | Orc:2    | Identified the +3 buckler "Zyathr Rigeash" {rElec Regen+
                  | rCorr} (You bought it in a shop on level 2 of the Orcish
                  | Mines)
 36138 | Orc:2    | Found Xuoqibev's Distillery.
 36326 | Elf:1    | Entered Level 1 of the Elven Halls
 36391 | Elf:1    | Noticed Jorgrun
 36513 | Elf:1    | Killed Jorgrun
 37325 | Elf:1    | Identified the +0 plate armour of the World {rF++ Dex+4
                  | Slay+2}
 37472 | Elf:1    | Noticed a deep elf sorcerer
 37476 | Elf:1    | Killed a deep elf sorcerer
 37477 | Elf:1    | Reached XP level 16. HP: 132/132 MP: 20/32
 37733 | Elf:1    | Identified the ring of Caibauch {rPois rF+ MP+9 EV+5 SInv}
 37995 | Elf:2    | Noticed Louise
 38168 | Elf:2    | Paralysed by an air elemental for 1 turns
 38599 | Elf:2    | Found a glacial archway.
 38605 | Elf:2    | Reached skill level 16 in Conjurations
 38608 | Abyss:3  | Cast into level 3 of the Abyss (Louise)
 38618 | Abyss:3  | Found a corrupted altar of Lugonu.
 38652 | Elf:2    | Escaped the Abyss
 38654 | Elf:2    | Killed Louise
 38660 | IceCv    | Entered an ice cave
 38809 | IceCv    | Killed from afar by an ironbound frostheart

Illustrated notes

Levels and vault maps discovered:
D:1:      dpeg_arrival_rooms_with_view, layout_basic,
          hellmonk_ecumenical_altar_dog_temple
D:2:      minmay_alternating_diamond, layout_loops_cross, moated_statue,
          minmay_divided_ellipse
D:3:      layout_loops_ring, nicolae_overflow_hidden_temple, uniq_pargi
D:4:      layout_basic, minmay_crystal_water
D:5:      nicolae_cairo_tiling_large_dashed, layout_cave_pools,
          mainiacjoe_overflow_brackets, mainiacjoe_overflow_alcove_1,
          minmay_temple_entry_nine_rooms, serial_shops,
          nicolae_shop_overgrown_old_shop, nicolae_lakefront_shop,
          mainiacjoe_ossuary_entry_dusty_tomb, minmay_misc_feat_room
D:6:      layout_gridville, nicolae_half_adder
D:7:      kennysheep_kobold_camp, layout_basic, hex_medium, fountainhead,
          uniq_menkaure
D:8:      layout_basic
D:9:      layout_rooms, serial_library_hellmonk_hallway_b, hangedman_decor_push,
          grunt_decor_one_mirror, guppyfry_shop_venom, uniq_erica
D:10:     layout_grid_maze, mainiacjoe_overflow_24_doors,
          mainiacjoe_overflow_boulevard, mainiacjoe_overflow_surrounded_room,
          minmay_lair_entry_grove, uniq_sonja
D:11:     layout_roguey [special_room_orc], orc_0_dummy, uniq_urug, uniq_grum
D:12:     layout_basic, minmay_crystal_room, nicolae_vehumet_altar_sigil
D:13:     layout_long_grid, zin_academy
D:14:     layout_roguey, hellmonk_vaults_attempted_burglary,
          nemelex_lonely_heart_becter
D:15:     gammafunk_depths_entry_grave, layout_basic,
          nicolae_wu_jian_wuxing_cycle,
          hangedman_abyss_or_decor_jellyfish_corner, minmay_misc_feat_nine_boxes
Temple:   eino_temple_scatter_basement
Lair:1:   layout_chaotic_city, beast_lair_carwin_10, grunt_megastairs_4
Lair:2:   layout_gridlike, spider_nest_entry_webs,
          chequers_serial_rivers_micro_a, kennysheep_snail_temple, uniq_amaemon
Lair:3:   layout_regular_city, minmay_swamp_entry_worms, guppyfry_lair_drakes
Lair:4:   layout_cave_pods, uniq_snorg
Lair:5:   due_jungle_book, layout_regular_city, dpeg_slime_entry_corner
Orc:1:    layout_caves, serial_shops, shop, mines2_david
Orc:2:    kennysheep_orc_mage_school, layout_caves, basic_altar,
          blackcustard_rock_pile, uniq_rupert
Elf:1:    layout_gridlike, kennysheep_underground_church, uniq_jorgrun
Elf:2:    nicolae_elf_blades_splatter_lattice [nicolae_blade_tridents],
          layout_geoelf_diagonals, serial_shops,
          nicolae_shop_temple_entry_statues_fountains,
          portal_ice_cave_entry_frozen_things,
          nicolae_elf_loose_elemental_storage, uniq_louise
IceCv:    ice_cave_small_giant

Skill      XL: |  1  2  3  4  5  6  7  8  9 10 11 12 13 14 15 16 |
---------------+-------------------------------------------------+-----
Stealth        | 2 4 5 6 |  6.7
Dodging        | 2 3 4 5 6 7 9 10 11 | 11.2
Conjurations   | 5 6 7 9 10 12 13 14 15 16 | 16.0
Short Blades   | 1 2 3 4 5 6 7 |  7.3
Fighting       | 1 2 3 4 5 7 8 9 |  9.3
Spellcasting   | 3 4 5 6 8 10 12 | 12.0
Alchemy        | 2 4 6 7 8 |  8.3
Evocations     | 1 2 5 6 7 |  7.1
Fire Magic     | 3 5 7 |  7.8
Hexes          | 2 |  2.3
Throwing       | 1 2 |  2.4
Shields        | 3 5 6 |  6.6

Action                     |  1- 3 |  4- 6 |  7- 9 | 10-12 | 13-15 | 16-18 || total
---------------------------+-------+-------+-------+-------+-------+-------++-------
  Melee: Dagger            |    74 |    75 |   195 |   361 |   480 |   129 ||  1314
         Punch             |     2 |     3 |     2 |     6 |       |       ||    13
         Tailslap          |     4 |     7 |    28 |    68 |    98 |    31 ||   236
  Throw: Dart              |       |     2 |     1 |     6 |    17 |       ||    26
   Cast: Magic Dart        |     6 |       |       |       |       |       ||     6
         Searing Ray       |    18 |    18 |    76 |    72 |    16 |       ||   200
         Fulminant Prism   |       |       |    11 |    22 |    14 |    10 ||    57
         Ignite Poison     |       |       |       |    11 |     1 |       ||    12
         Inner Flame       |       |       |       |     8 |     8 |       ||    16
         Starburst         |       |       |       |    27 |   208 |    32 ||   267
         Orb of Destructio |       |       |       |       |   139 |    16 ||   155
         Yara's Violent Un |       |       |       |       |     3 |     3 ||     6
Ability: Breathe Noxious F |       |       |     3 |    32 |    13 |       ||    48
  Evoke: Wand              |       |       |     9 |     2 |    16 |       ||    27
         Lightning rod     |       |       |       |       |    11 |       ||    11
         Box of beasts     |       |       |       |       |     1 |       ||     1
         Tin of tremorston |       |       |       |       |       |     1 ||     1
    Use: Potion            |     3 |       |     2 |       |     6 |     2 ||    13
         Scroll            |       |       |    11 |     5 |     5 |     1 ||    22
   Stab: Sleeping          |     2 |     3 |     1 |     5 |     8 |     1 ||    20
         Confused          |       |       |     2 |    21 |     6 |       ||    29
         Distracted        |       |       |       |       |     1 |       ||     1
 Armour: Skin              |    49 |    34 |   139 |   261 |   341 |    79 ||   903
  Dodge: Dodged            |    59 |    56 |   235 |   395 |   359 |   104 ||  1208
  Block: Buckler           |       |       |       |       |   107 |    39 ||   146
